 Dungeon Crawl Stone Soup version 0.19-a0-32-gbfd796a (webtiles) character file.

92 M4edhros the Grave Robber (level 4, -4/27 HPs)
             Began as an Octopode Necromancer on May 2, 2016.
             Shot with an arrow by a centaur (15 damage)
             ... on level 5 of the Dungeon.
             The game lasted 00:01:55 (321 turns).

M4edhros the Grave Robber (Octopode Necromancer)     Turns: 321, Time: 00:01:56

Health: -4/27      AC:  1    Str:  7    XL:     4   Next: 60%
Magic:  1/7        EV: 12    Int: 17    God:
Gold:   67         SH:  0    Dex: 13    Spells: 3 memorised, 2 levels left

rFire  . . .     SeeInvis .       - Unarmed
rCold  . . .     Gourm    .     (no shield)
rNeg   . . .     Faith    .     (helmet restricted)
rPois  .         Spirit   .     (no amulet)
rElec  .         Dismiss  .     g - ring of resist corrosion
rCorr  +         Reflect  .     (no ring)
SustAt .         Harm     .     (no ring)
MR     .....                    (no ring)
Stlth  +++.......               (no ring)
                                (no ring)
                                (no ring)
                                (no ring)

@: very slightly contaminated, not resistant to hostile enchantments, fairly
stealthy
A: almost no armour, amphibious, 8 rings, constrict 8, camouflage 1, gelatinous
body 1
a: no special abilities


You were on level 5 of the Dungeon.
You were not hungry.

You visited 1 branch of the dungeon, and saw 5 of its levels.

You collected 67 gold pieces.

Inventory:

Missiles
 h - 2 javelins (quivered)
Jewellery
 g - a ring of resist corrosion (left tentacle)
Scrolls
 d - 2 scrolls of identify {unknown}
 e - a scroll of remove curse {unknown}
Potions
 c - a potion of berserk rage
Books
 a - a book of Necromancy

   Spells                             Type                      Level
   a - Pain                           Necromancy                   1
   b - Animate Skeleton               Necromancy                   1
   c - Vampiric Draining              Necromancy                   3
   d - Regeneration                   Charms/Necromancy            3
   e - Animate Dead                   Necromancy                   4
   f - Control Undead                 Necromancy                   4
Comestibles
 b - a bread ration
 f - a meat ration


   Skills:
 - Level 2.0 Dodging
 - Level 2.6 Stealth
 + Level 4.0 Unarmed Combat
 - Level 2.0 Spellcasting
 - Level 4.0 Necromancy


You had 2 spell levels left.
You knew the following spells:

 Your Spells              Type           Power        Failure   Level  Hunger
a - Pain                  Necr           ###.         3%          1    #......
b - Animate Skeleton      Necr           N/A          3%          1    #......
r - Regeneration          Chrm/Necr      #.........   24%         3    ###....


Dungeon Overview and Level Annotations

Branches:
Dungeon (5/15)
 Temple: D:4-7

Altars:


Innate Abilities, Weirdness & Mutations

You cannot wear most types of armour.
You are amphibious.
You can wear up to eight rings at the same time.
You can use your tentacles to constrict eight enemies at once.
Your skin changes colour to match your surroundings (Stealth).
Your rubbery body absorbs attacks (AC +1).


Message History

You constrict the howler monkey. The howler monkey hits you.
The howler monkey bites you.
Unknown command.
You tentacle-slap the howler monkey.
You kill the howler monkey!
Your Unarmed Combat skill increases to level 4!
You have reached level 4!
A hound comes into view.
Drink which item? (? for menu, Esc to quit)
Okay, then.
The centaur wields a shortbow.
The centaur shoots an arrow.
The arrow hits you!
There is an open door, spattered with blood here.
You see here an arrow.
Read which item? (? for menu, Esc to quit)
Okay, then.
Drink which item? (? for menu, Esc to quit)
Okay, then.
The centaur shoots an arrow.
The arrow hits you!
Ouch! That really hurt!
You die...

.# .........#.........
.# .......c..#.........
.#...........#.........
.+c...................
##..................#
.................#
###########.........#
.........######(##
.........#...##h@####
.............'......+
.............###..###
.....##......# ##.#
.....##......# ..#
.....#####...# #.#
.....# ####.. .#
..##... .## .. ..##...
..


You could see a centaur and a hound.

Vanquished Creatures
  A howler monkey (D:5)
  A crimson imp (D:5)
  An adder (D:3)
  2 worms
  A dart slug (D:1)
  A giant cockroach (D:2)
  A kobold (D:1)
  A ball python (D:2)
9 creatures vanquished.

Notes
Turn   | Place    | Note
--------------------------------------------------------------
     0 | D:1      | M4edhros the Octopode Necromancer began the quest for the Orb.
     0 | D:1      | Reached XP level 1. HP: 11/11 MP: 3/3
    46 | D:1      | Reached skill level 1 in Unarmed Combat
   119 | D:2      | Reached XP level 2. HP: 14/17 MP: 1/5
   238 | D:5      | Entered Level 5 of the Dungeon
   264 | D:5      | Noticed a centaur
   276 | D:5      | Noticed a crimson imp
   283 | D:5      | Killed a crimson imp
   283 | D:5      | Reached XP level 3. HP: 13/21 MP: 6/6
   286 | D:5      | Learned a level 1 spell: Animate Skeleton
   290 | D:5      | Learned a level 3 spell: Regeneration
   319 | D:5      | Reached XP level 4. HP: 18/27 MP: 1/7
   321 | D:5      | Shot with an arrow by a centaur

Vault maps used:
D:1:      matt_arrival_refuge, minmay_cupped
D:2:      ecumenical_altar_2, uniq_iyjb, uniq_jessica
D:3:      nicolae_overflow_crystal_walls, first_bread
D:4:      uniq_sigmund
D:5:      overflow_temple_1_default, basic_altar

Skill      XL: |  1  2  3 |
---------------+----------+-----
Unarmed Combat | 1 3 4 |  4.0
Dodging        | |  2.0
Stealth        | |  2.6
Spellcasting   | |  2.0
Necromancy     | |  4.0

Action                   |  1- 3 |  4- 6 || total
-------------------------+-------+-------++-------
Melee: Unarmed           |    16 |       ||    16
       Tentacles         |     5 |       ||     5
       Constrict         |     4 |       ||     4
 Cast: Pain              |     6 |       ||     6
       Regeneration      |     1 |       ||     1
  Use: Potion            |     3 |       ||     3
 Stab: Sleeping          |     1 |       ||     1
Armor: Skin              |     1 |       ||     1
Dodge: Dodged            |     8 |       ||     8
